Map: Thunderbird LE

Players

Boomer - Winner!

  • Race: Zerg Zerg
  • League: Master
  • Spawn Location: 5:00

Mez

  • Race: Terran Terran
  • League: Master
  • Spawn Location: 11:00

VOD

Have the link to the VOD?

Description

Time

  • Played on: July 30, 2019, 2:29 a.m.
  • Length: 13:51
Show
View Real Time Build Order
Export as new Build Order

Boomer Zerg - Winner!

Build Orders: Hatch First 

Get SALT Encoding   

  12  0:00  Drone  
  13  0:09  Drone  
  14  0:17  Extractor  
  14  0:18  Drone  
  15  0:40  Hatchery  
  14  0:43  Extractor  
  14  0:44  Drone  
  15  0:59  Spawning Pool  
  15  1:03  Extractor  
  15  1:04  Drone  
  15  1:35  Hatchery  
  15  1:38  Extractor  
  15  1:39  Drone  
  15  1:51  Queen  
  15  1:53  Drone  
  15  1:54  Drone  
  19  1:56  Overlord  
  19  2:00  Drone  
  20  2:06  Extractor  
  20  2:07  Drone  
  21  2:16  Queen  
  21  2:17  Drone  
  24  2:23  Drone  
  24  2:25  Drone  
  24  2:27  Drone  
  27  2:33  Drone  
  28  2:37  Overlord  
  28  2:46  Queen  
  28  2:47  Drone  
  28  2:48  Drone  
  32  2:52  Drone  
  33  3:04  Overlord, Drone x2  
  35  3:07  Extractor  
  35  3:08  Overlord, Extractor  
  35  3:09  Drone x2  
  35  3:16  Drone  
  36  3:26  Roach Warren  
  36  3:27  Drone x5  
  36  3:34  Drone  
  41  3:39  Overlord  
  41  3:48  Evolution Chamber  
  41  3:50  Evolution Chamber  
  41  3:55  Overlord  
  39  4:07  Roach x6  
  39  4:08  Roach  
  39  4:09  Roach  
  55  4:15  Overlord  
  55  4:33  Drone x4  
  59  4:40  Overlord, Extractor x2  
  59  4:41  Zerg Missile Weapons Level 1  
  59  4:44  Drone x2  
  59  4:58  Queen  
  59  5:03  Drone x6  
  59  5:04  Zerg Ground Armor Level 1  
  65  5:21  Hatchery  
  64  5:23  Drone  
  64  5:26  Lair  
  65  5:34  Pneumatized Carapace  
  65  5:35  Drone x2  
  67  5:43  Overlord  
  67  5:51  Roach x5  
  67  5:52  Roach  
  79  6:07  Spore Crawler  
  78  6:16  Queen  
  78  6:17  Drone, Spore Crawler  
  78  6:18  Drone x2  
  82  6:30  Nydus Network  
  81  6:33  Overlord  
  81  6:34  Overlord x2  
  81  6:38  Zerg Missile Weapons Level 2  
  81  6:44  Roach  
  81  6:45  Roach x4  
  91  6:50  Queen  
  91  6:51  Drone x4  
  91  6:52  Drone x2  
  99  7:00  Queen  
  101  7:01  Zerg Ground Armor Level 2  
  101  7:09  Roach x3  
  101  7:10  Roach  
  101  7:12  Glial Reconstitution  
  101  7:14  Roach  
  111  7:22  Roach  
  109  7:25  Roach  
  109  7:26  Roach x3  
  109  7:29  Roach x2  
  101  7:31  Roach  
  101  7:36  Roach x2  
  93  7:55  Drone x2  
  93  7:56  Drone x6  
  93  7:57  Drone x2  
  103  8:01  Extractor  
  103  8:02  Extractor  
  101  8:07  Overlord x2  
  101  8:09  Overlord  
  101  8:22  Hydralisk Den  
  100  8:29  Overlord x4  
  100  8:37  Roach x6  
  100  8:38  Roach x4  
  120  8:42  Nydus Canal  
  120  8:45  Overlord  
  120  8:53  Roach x5  
  120  8:54  Roach  
  132  8:57  Nydus Canal  
  132  9:02  Overlord x2  
  132  9:06  Infestation Pit, Grooved Spines  
  131  9:15  Nydus Canal  
  131  9:18  Roach x4  
  131  9:19  Roach x2  
  143  9:35  Nydus Canal  
  137  9:55  Nydus Canal  
  137  9:56  Roach  
  137  9:57  Roach x5  
  137  9:58  Roach x2  
  151  10:11  Hatchery  
  148  10:15  Nydus Canal  
  148  10:20  Roach  
  148  10:21  Roach x6  
  158  10:29  Hydralisk x2  
  158  10:30  Overlord  
  158  10:31  Overlord x3  
  158  10:35  Hive, Muscular Augments  
  162  10:40  Nydus Canal  
  158  10:55  Hydralisk x3  
  158  10:56  Hydralisk x6  
  174  11:02  Spore Crawler  
  175  11:11  Hydralisk x3  
  175  11:13  Overlord x5  
  181  11:23  Drone x4  
  185  11:31  Nydus Canal, Hatchery  
  184  11:36  Hydralisk x3  
  188  11:49  Hydralisk x2  
  188  11:50  Hydralisk x2  
  196  11:58  Ravager  
  193  12:08  Hydralisk  
  193  12:09  Hydralisk x5  
  193  12:11  Roach x2  
  143  12:35  Roach x5  
  153  12:40  Nydus Canal  
  153  12:49  Overlord  
  153  13:05  Nydus Canal  
  153  13:16  Hydralisk x3  
  153  13:18  Roach x7  
Show
View Real Time Build Order
Export as new Build Order

Mez Terran 

Build Orders: Reaper Expand 

Get SALT Encoding   

  12  0:00  SCV  
  13  0:13  SCV  
  14  0:18  Supply Depot  
  14  0:25  SCV  
  15  0:39  SCV  
  15  0:42  Barracks  
  16  0:46  Refinery  
  16  0:51  SCV  
  17  1:03  SCV  
  18  1:25  SCV  
  19  1:31  Reaper  
  20  1:39  Orbital Command  
  20  1:45  Command Center  
  20  1:57  Barracks  
  20  2:09  Barracks Reactor  
  20  2:10  SCV  
  20  2:14  Barracks  
  21  2:19  Supply Depot  
  21  2:30  Bunker  
  21  2:33  SCV  
  22  2:46  SCV  
  22  2:47  Marine x2  
  22  2:48  Barracks Tech Lab  
  25  2:58  SCV  
  26  3:01  Orbital Command  
  26  3:04  Marine  
  27  3:08  Combat Shield  
  27  3:09  Marine x2  
  27  3:10  Marine  
  30  3:16  SCV  
  31  3:22  Marine  
  32  3:29  Marine x3  
  32  3:32  Supply Depot  
  35  3:40  Marine  
  36  3:56  Marine x2  
  36  3:57  Marine  
  36  4:02  SCV x2  
  41  4:10  Engineering Bay  
  41  4:13  Command Center  
  41  4:18  Marine x4  
  45  4:25  Orbital Command  
  45  4:27  Stimpack, Factory  
  45  4:30  Refinery  
  45  4:43  Marine x3  
  45  4:44  SCV, Marine  
  50  4:56  SCV  
  50  5:00  SCV  
  50  5:01  Marine  
  50  5:02  Marauder  
  54  5:14  Starport  
  54  5:15  Factory Reactor  
  54  5:18  Marine  
  54  5:19  Refinery  
  54  5:22  SCV x2  
  54  5:26  Supply Depot  
  56  5:28  Orbital Command  
  56  5:34  SCV x2  
  58  5:39  Bunker  
  58  5:40  Marine x3  
  58  5:42  Marauder  
  63  5:46  SCV x2  
  65  5:59  Medivac  
  65  6:00  Medivac  
  65  6:01  Marine x3  
  65  6:03  SCV x2, Marine  
  75  6:05  Orbital Command  
  75  6:08  Terran Infantry Weapons Level 1  
  75  6:12  Engineering Bay  
  75  6:16  SCV  
  75  6:17  SCV  
  77  6:20  Marine x2  
  77  6:21  Marine  
  80  6:28  SCV  
  80  6:29  SCV  
  82  6:35  Supply Depot  
  82  6:36  Medivac, Supply Depot  
  82  6:39  SCV  
  85  6:44  Barracks Reactor  
  85  6:52  Concussive Shells  
  85  6:55  Terran Infantry Armor Level 1  
  85  6:56  SCV x3, Marine x2, Medivac  
  85  6:57  Marine  
  93  7:02  Supply Depot  
  93  7:05  Supply Depot  
  93  7:09  SCV x3  
  93  7:14  Marine x3  
  99  7:21  SCV x2  
  94  7:27  Marine  
  94  7:28  SCV, Marine  
  81  7:32  Marine x3  
  81  7:33  SCV  
  72  7:45  Marine  
  72  7:46  Marine  
  72  7:47  Barracks x2  
  72  7:48  SCV x3  
  72  7:50  Marine x3  
  80  8:00  SCV  
  80  8:01  Supply Depot  
  80  8:03  Marine x2, Supply Depot  
  83  8:07  Marine x2  
  83  8:09  Armory, Barracks, Medivac  
  83  8:10  Barracks  
  83  8:11  Barracks  
  87  8:13  SCV x2  
  87  8:17  Marine  
  90  8:21  Marine x2  
  90  8:25  Marine  
  93  8:30  Marine  
  93  8:33  Medivac  
  96  8:35  Marine  
  96  8:36  Barracks Tech Lab x2  
  96  8:39  Medivac  
  96  8:40  Barracks Reactor, Marine x2  
  101  8:43  Marine  
  101  8:44  SCV x3  
  105  8:50  Command Center  
  105  8:53  Marine  
  105  8:54  Marauder  
  108  8:58  Marine  
  108  8:59  Marine  
  108  9:00  Marauder  
  108  9:02  Terran Infantry Armor Level 2  
  112  9:05  Marine x4  
  112  9:07  Medivac  
  118  9:11  Marine  
  118  9:15  Terran Vehicle And Ship Armor Level 1, Marine  
  118  9:16  Marine  
  121  9:17  SCV x2  
  121  9:18  Marine x3  
  121  9:21  Marauder  
  121  9:23  Marine x4  
  132  9:24  Supply Depot  
  132  9:25  Supply Depot  
  132  9:34  Marauder  
  132  9:36  Marine x5  
  136  9:41  Marine x2  
  135  9:59  Orbital Command  
  129  10:01  Marine x11  
  137  10:19  Marine x6  
  139  10:30  Viking x2  
  139  10:32  Orbital Command  
  143  10:40  Marine  
  143  10:41  Marine x8, Marauder x2  
  153  10:58  Marine x3  
  156  11:15  Barracks Tech Lab x2  
  156  11:23  Barracks Reactor  
  156  11:25  Engineering Bay  
  156  11:35  Refinery  
  156  11:36  Refinery  
  156  12:04  SCV x2  
  156  12:05  Marine x2  
  156  12:06  SCV, Marine x4  
  156  12:07  SCV, Marine x2  
  156  12:08  Marine, Marauder, Supply Depot  
  155  12:09  Marauder, Supply Depot x3  
  155  12:11  Supply Depot  
  155  12:14  Marine  
  120  12:16  SCV, Medivac x2  
  120  12:18  SCV  
  120  12:20  SCV  
  104  12:23  Marine x2  
  104  12:24  Marine x4  
  104  12:25  Marine x3  
  104  12:28  SCV, Marine  
  105  12:30  Marauder  
  105  12:32  Marine  
  103  12:40  Marine  
  103  12:41  Planetary Fortress, Marine x2  
  103  12:42  SCV, Marine x3  
  103  12:43  SCV x2, Marine x3  
  115  12:46  Marine, Medivac x2  
  120  12:55  SCV x2  
  123  12:59  Marine x4  
  121  13:05  Marine  
  121  13:06  Marine x7  
  129  13:17  Marine x2  
  129  13:18  Marauder x2  
  135  13:23  Marine x3  
  135  13:24  Marine x3, Marauder x2  
Tags
 
Add a new tag
Caveats
  • Supply blocks, unpowered buildings, or Contaminate may cause inaccurate times.
  • Supply counts are checked every 10 seconds.